 Dungeon Crawl Stone Soup version 0.30-a0-465-g8901f6c8b5 (webtiles) character file.

Game seed: 16597820634874518374

0 Bnni the Grave Robber (level 1, -1/13 HPs)
             Began as a Demonspawn Necromancer on Dec 18, 2022.
             Slain by a kobold
             ... wielding a +0 whip of holy wrath
              (3 damage)
             ... on level 1 of the Dungeon.
             The game lasted 00:00:08 (112 turns).

Bnni the Grave Robber (Demonspawn Necromancer)       Turns: 112, Time: 00:00:09

Health: -1/13      AC:  2    Str:  8    XL:     1   Next: 8%
Magic:  2/3        EV: 12    Int: 16    God:
Gold:   0          SH:  0    Dex: 13    Spells: 3/4 levels left

rFire   . . .      SeeInvis .    (no weapon)
rCold   . . .      Faith    .    (no shield)
rNeg    . . .      Spirit   .    a - +0 robe
rPois   .          Reflect  .    (no helmet)
rElec   .          Harm     .    (no cloak)
rCorr   .          Rampage  .    (no gloves)
Will    .....                    (no boots)
Stlth   +.........               (no amulet)
HPRegen 0.22/turn                (no ring)
MPRegen 0.08/turn                (no ring)

@: very slow
A: no striking features
a: no special abilities


You were on level 1 of the Dungeon.
You visited 1 branch of the dungeon, and saw 1 of its levels.

Inventory:

Armour
 a - a +0 robe (worn)
Potions
 b - a potion of magic


   Skills:
 + Level 0.0 Fighting
 - Level 1.7 Dodging
 - Level 1.7 Stealth
 + Level 2.0 Spellcasting
 * Level 4.4 Necromancy


You had 3 spell levels left.
You knew the following spells:

 Your Spells              Type           Power      Damage    Failure   Level
a - Necrotise             Necr           60%        1d7       3%          1

Your spell library contained the following spells:

 Spells                   Type           Power      Damage    Failure   Level
 Vampiric Draining        Necr           15%        2d7       11%         3
 Animate Dead             Necr           15%        N/A       34%         4
 Agony                    Necr           15%        N/A       67%         5


Dungeon Overview and Level Annotations

Branches:
Dungeon (1/15)

Altars:


Message History

You hit the frilled lizard.
You kill the frilled lizard!
HP restored.
You see here a frilled lizard corpse.
You enter the shallow water.
Moving in this stuff is going to be slow.
A kobold comes into view. It is wielding a +0 whip of holy wrath.
A kobold is nearby!
You enter the shallow water.
Moving in this stuff is going to be slow.
The kobold shouts!
Something bites the plant.
The plant begins to die.
You hit the kobold but do no damage.
Something bites the plant.
The kobold misses you.
Your unstable footing causes you to fumble your attack.
The kobold splashes around in the water.
Your unstable footing causes you to fumble your attack.
The kobold barely misses you.
Your unstable footing causes you to fumble your attack.
The kobold splashes around in the water.
Your unstable footing causes you to fumble your attack.
A nearby plant withers and dies.
The kobold hits you with a +0 whip of holy wrath.
You convulse.
* * * LOW HITPOINT WARNING * * *
You are too injured to fight recklessly!
You are too injured to fight recklessly!
You are too injured to fight recklessly!
You are too injured to fight recklessly!
You are too injured to fight recklessly!
You are too injured to fight recklessly!
You are too injured to fight recklessly!
You are too injured to fight recklessly!
Unknown command.
Aiming: Necrotise (safe; 3% risk of failure)
Press: ? - help, Q - select action Shift-Dir - straight line, f - kobold
Aim: a kobold, wielding a +0 whip of holy wrath and quivering stones (chance to affect: 85%)
The kobold writhes in agony.
The kobold hits you with a +0 whip of holy wrath.
You die...

P~≈~♣♣♣ ♣♣~P~.
♣♣...##.#.# ~~~~♣
♣...##.#.# ~P~~♣ ♣
♣...##.#.# ~♣~~~ ~~
#......#.# ~~.. .~~
#.#.##.#.# #~~~
#......#.# #♣~~.
♣♣#......#.#
♣P~~.~♣~.......#.##♣♣♣
~~~~.~P@~....~~P~~P~~♣♣♣
♣~~P.PK~~.....~~~~~~P~~♣
♣~~~.~~~♣.....~~~~~≈P≈P~
~~~P.~PP♣....~~~~~~~≈≈≈P
#♣~~.~~~♣.....P~~P~≈≈≈≈≈
+.♣P.~~♣.......~~~≈≈≈≈≈≈
##.P.~~.......~~~~≈≈≈≈≈≈
#............~~~P~~≈≈≈≈
.#....~PP~~≈≈≈≈≈


You could see a kobold.

Vanquished Creatures
  A frilled lizard (D:1)
1 creature vanquished.

Vanquished Creatures (others)
  A plant (D:1)
1 creature vanquished.

Grand Total: 2 creatures vanquished

Notes
Turn   | Place    | Note
-------+----------+-------------------------------------------
     0 | D:1      | Bnni the Demonspawn Necromancer began the quest for the
                  | Orb.
     0 | D:1      | Reached XP level 1. HP: 13/13 MP: 3/3
   112 | D:1      | Slain by a kobold

Illustrated notes

Levels and vault maps discovered:
D:1:      roderic_octagonal_star, layout_basic, serial_bayou,
          serial_bayou_pond_a, serial_bayou_pond_b, serial_bayou_lagoon_b,
          serial_bayou_shore_a, serial_bayou_lake_a, nrook_mini_vaults

Action                   || total
-------------------------++-------
Melee: Unarmed           ||    11
 Cast: Necrotise         ||     1
Armor: Robe              ||     1
Dodge: Dodged            ||     5

Table legend: (Time is in decaauts)
 A = Elapsed time spent in this place.
 B = Non-inter-level travel time spent in this place.
 C = Inter-level travel time spent in this place.
 D = Time resting spent in this place.
 E = Time spent auto-exploring this place.
 F = Levels seen in this place.
 G = Mean time per level.
                   A        B        C        D        E       F      G
               +--------+--------+--------+--------+--------+-----+--------+
         Total |    123 |    123 |      0 |      0 |    100 |   1 |  123.0 |
       Dungeon |    123 |    123 |      0 |      0 |    100 |   1 |  123.0 |
               +--------+--------+--------+--------+--------+-----+--------+

Top non-repeatable levels by time:
     D:1: 123 daAuts
